[Event "Live Chess"]
[Site "Chess.com"]
[Date "2024.06.02"]
[Round "-"]
[White "defenderalist"]
[Black "Pandreq"]
[Result "1-0"]
[WhiteElo "1534"]
[BlackElo "1219"]
[TimeControl "300"]
[EndTime "3:45:14 PDT"]
[Termination "defenderalist won on time"]

1. e4 Nf6 2. Nc3 Nc6 3. e5 Nxe5 4. Nf3 Ng6 5. Bd3 b6 6. Bxg6 hxg6 7. d4 Bb7 8. O-O e6 9. Ne5 d5 10. f4 Nd7 11. Qf3 f6 12. Nxg6 Rh7 13. Nxf8 Nxf8 14. f5 Qd7 15. fxe6 Nxe6 16. a4 O-O-O 17. a5 Rdh8 18.
h3 Ng5 19. Bxg5 fxg5 20. axb6 axb6 21. Qf5 Qxf5 22. Rxf5 g4 23. Raf1 gxh3 24. gxh3 Rxh3 25. Rf8+ Rxf8 26. Rxf8+ Kd7 27. Rf7+ Ke6 28. Rxg7 Ba6 29. Rxc7 Kd6 30. Rg7 Rh4 31. Rg6+ Kc7 32. Nxd5+ Kd7 33. c3 Bb7 34. Nxb6+ Kc7 35. Nc4 Rh1+ 36. Kf2 Rh2+ 37. Ke3 Rh3+ 38. Kd2 Rh2+ 39. Kd3 Bd5 40. Nd2 Rh4 41.
Rg3 Bc6 42. b3 Bd7 43. c4 Bf5+ 44. Kc3 Rh2 45. Nf3 Rc2+ 46. Kb4 Be4 47. Ne5 Bf5 48.
Rc3 Rh2 49. d5 Rh4 50. Nc6 Bd7 51. Na5 Rh6 52. Kc5 Rd6 53. b4 Rb6 54. Rg3 1-0

[Event "Live Chess"]
[Site "Chess.com"]
[Date "2024.06.02"]
[Round "-"]
[White "WeakOldFinished"]
[Black "Queensandpawns"]
[Result "1/2-1/2"]
[WhiteElo "2177"]
[BlackElo "2243"]
[TimeControl "300"]
[EndTime "3:45:42 PDT"]
[Termination "Game drawn by stalemate"]

1. e4 e5 2. Nf3 d5 3. Nxe5 dxe4 4. Bc4 Nh6 5. d4 Nd7 6. O-O Nxe5 7. dxe5 Qxd1 8. Rxd1 Nf5 9. Nc3 e3 10. Bxe3 Nxe3 11. fxe3 Bc5 12. Nd5 Bb6 13. Nxb6 axb6 14. Rd4 Ke7 15. Rf4 Be6 16. Bxe6 Kxe6 17. a3 Ra5 18. Rc4 c6 19. Rb4 b5 20. c4 Kxe5 21. cxb5 Rxb5 22. Rxb5+ cxb5 23. Rc1 Kd6 24. Kf2 Re8 25. Kf3 Re6 26. Rd1+ Kc6 27. e4 Rf6+ 28.
Ke3 Rh6 29. h3 Rd6 30. Rc1+ Kb6 31. Rf1 f6 32. Rf5 Rc6 33. Kd3 Rd6+ 34. Ke3 Rc6 35.
Kd3 Rc1 36. Rf2 Rd1+ 37. Kc3 Kc5 38. b4+ Kc6 39. Rf5 Rg1 40. Rf2 Kd6 41. Rf5 Kc6 42. Rf2 Ra1 43. Kb2 Re1 44. Rc2+ Kb6 45. Rd2 Rxe4 46. Rd7 Re2+ 47. Kc3 Rxg2 48. h4 Kc6 49. Rf7 Rg3+ 50. Kd4 Rg4+ 51. Kc3 h5 52. Kd3 Rxh4 53.
Rxg7 Rh3+ 54. Kd4 Rxa3 55. Rf7 Rf3 56. Ke4 Rf1 57. Rh7 Rh1 58. Rh6 Rh4+ 59. Kd3 Rxb4 60.
Rxf6+ Kc7 61. Kc3 Rh4 62. Rh6 b6 63. Kb3 Kb7 64. Rh8 Ka6 65. Ra8+ Kb7 66. Rh8 b4 67.
Ka4 Kc6 68. Rh6+ Kc5 69. Rg6 Rg4 70. Rf6 h4 71. Rf5+ Kc4 72. Rf4+ Rxf4 1/2-1/2

[Event "Live Chess"]
[Site "Chess.com"]
[Date "2024.06.02"]
[Round "-"]
[White "StoreySniper"]
[Black "Purple1szed"]
[Result "1-0"]
[WhiteElo "2489"]
[BlackElo "2046"]
[TimeControl "300"]
[EndTime "3:45:49 PDT"]
[Termination "StoreySniper won by resignation"]

1. e4 e5 2. Nf3 Nc6 3. Bb5 g6 4. O-O Bg7 5. c3 a6 6. Ba4 b5 7. Bb3 Na5 8. Bc2 c5 9. d4 cxd4 10.
cxd4 exd4 11. Nxd4 Ne7 12. Nc3 Bb7 13. Re1 O-O 14. Bg5 h6 15. Bh4 g5 16. Bg3 Rc8 17. e5 Nec6 18. Nf5 Nc4 19. Nxh6+ Bxh6 20. Qd3 f5 21.
exf6 Rf7 22. Qg6+ Bg7 23. Qh7+ Kf8 24. fxg7+ Rxg7 25. Qh8+ Kf7 26. Qh5+ Kg8 27. b3 Nb6 28. Bd6 Nd4 29. Bg6 Ne6 30. Be5 Qe7 31. Bxg7 Qxg7 32. Ne4 Nf4 33. Qxg5 Nxg6 34. Nf6+ Kf7 35. Nh5 Qh8 36.
Qf5+ 1-0

[Event "Live Chess"]
[Site "Chess.com"]
[Date "2024.06.02"]
[Round "-"]
[White "Ziipyyy"]
[Black "booktrunk"]
[Result "0-1"]
[WhiteElo "1290"]
[BlackElo "1501"]
[TimeControl "300"]
[EndTime "3:45:51 PDT"]
[Termination "booktrunk won on time"]

1. e4 b6 2. Nc3 h6 3. Bc4 e6 4. f4 Bb7 5. d3 f5 6. Qh5+ Ke7 7.
exf5 Qe8 8. Qxe8+ Kxe8 9. Nf3 exf5 10. O-O Nf6 11. Bd2 Bc5+ 12. Kh1 Ng4 13. Rae1+ Kd8 14. d4 Bxf3 15. Rxf3 Bxd4 16. Bd5 c6 17. Bf7 Nf2+ 18. Rxf2 Bxf2 19. Re2 Bc5 20. a3 Rf8 21. Bh5 Bd6 22. g3 Kc7 23. Bf3 Na6 24. b4 Rae8 25. Rxe8 Rxe8 26.
Nd1 Nb8 27. Ne3 Bf8 28. Nxf5 g6 29. Nd4 c5 30. Nb5+ Kd8 31. Bc3 cxb4 32. Bf6+ Be7 33. Bxe7+ Rxe7 34. axb4 a6 35. Nd6 Re6 36. Nf7+ Ke7 37.
Nxh6 Re1+ 38. Kg2 Rb1 39. c3 Rb2+ 40. Kh3 Rc2 0-1

[Event "Live Chess"]
[Site "Chess.com"]
[Date "2024.06.02"]
[Round "-"]
[White "BishopofWells"]
[Black "dmitro74"]
[Result "0-1"]
[WhiteElo "1542"]
[BlackElo "1730"]
[TimeControl "300"]
[EndTime "3:46:10 PDT"]
[Termination "dmitro74 won by resignation"]

1. d4 e6 2. c4 d5 3. Nc3 Nf6 4. Bg5 Be7 5. Nf3 h6 6. Bh4 O-O 7. h3 Nbd7 8. e3 b6 9. Bd3 Bb7 10. O-O c5 11. dxc5 Nxc5 12. cxd5 Nxd5 13. Bxe7 Qxe7 14. Nxd5 Bxd5 15. Bc2 Rfd8 16. Qe2 Ne4 17. Nh2 Qg5 18. f3 Ng3 19. Qd3 Be4 20. fxe4 Rxd3 21. Rf3 Rd2 22. Bb3 Nxe4 23. g4 Rad8 24. Raf1 Nf6 25. e4 e5 26. Rc1 Rxh2 27. Kxh2 Qxc1 0-1

[Event "Live Chess"]
[Site "Chess.com"]
[Date "2024.06.02"]
[Round "-"]
[White "Andriy_Yaremovych"]
[Black "JanMur7"]
[Result "0-1"]
[WhiteElo "1588"]
[BlackElo "2298"]
[TimeControl "300"]
[EndTime "3:46:16 PDT"]
[Termination "JanMur7 won by resignation"]

1. e4 g6 2. Nc3 Bg7 3. f4 c5 4.
Nf3 Nc6 5. b3 e6 6. Bb2 Nge7 7.
Qe2 O-O 8. g4 f5 9. gxf5 exf5 10.
e5 d6 11. O-O-O dxe5 12. Nxe5 Nd5 13. Nxd5 Qxd5 14. Bg2 Qd6 15. Nxc6 Bxb2+ 16. Kxb2 bxc6 17. Rhg1 a5 18. h4 a4 19. h5 a3+ 20. Kb1 Ba6 21.
Qf3 Qd4 22. Qc3 Qxc3 23. dxc3 Rad8 24. Bxc6 Kg7 25. c4 Rxd1+ 26. Rxd1 Rf6 27. Bf3 Re6 28.
hxg6 hxg6 29. Kc1 Re3 30. Bd5 Re2 31. Rg1 Rf2 32. Bc6 Rxf4 33. Be8 Rg4 34. Rf1 Bb7 35. Bd7 Kf6 36. Re1 Be4 37. Kd2 Rg2+ 38. Re2 Rxe2+ 39.
Kxe2 Bxc2 40. Ba4 Bb1 41. b4 Bxa2 42. bxc5 Bxc4+ 43. Ke3 a2 0-1

[Event "Live Chess"]
[Site "Chess.com"]
[Date "2024.06.02"]
[Round "-"]
[White "silunn"]
[Black "Mikhail_Golubev"]
[Result "0-1"]
[WhiteElo "2174"]
[BlackElo "2515"]
[TimeControl "300"]
[EndTime "3:46:20 PDT"]
[Termination "Mikhail_Golubev won by resignation"]

1. e4 c5 2. Nf3 d6 3. d4 Nf6 4. Nc3 cxd4 5. Nxd4 g6 6. Be2 Bg7 7. Be3 Nc6 8. O-O O-O 9. Nb3 Be6 10. f4 Rc8 11. Kh1 a6 12. a4 Na5 13. Nd4 Bc4 14.
Bf3 Bxf1 15. Qxf1 Nc4 16. Bc1 Qb6 17. Nb3 e6 18. a5 Qc7 19. Qe2 Nd7 20. Na4 Nxa5 21.
Be3 b5 22. Nc3 Nc4 23. Bc1 Nxb2 24. Bxb2 Bxc3 25. Bxc3 Qxc3 26. Ra2 Nc5 27. Na5 Na4 28. Nb3 Rfd8 29. h3 d5 30. exd5 exd5 31. Kh2 Qf6 32. g3 Nc3 0-1

[Event "Live Chess"]
[Site "Chess.com"]
[Date "2024.06.02"]
[Round "-"]
[White "lateforthesky"]
[Black "elis06"]
[Result "0-1"]
[WhiteElo "2071"]
[BlackElo "2322"]
[TimeControl "300"]
[EndTime "3:46:25 PDT"]
[Termination "elis06 won by resignation"]

1. e4 c6 2. Nf3 d5 3. exd5 cxd5 4.
Ne5 Nc6 5. d4 Nf6 6. Bb5 Bd7 7.
Nxd7 Qxd7 8. c3 e6 9. O-O Bd6 10. f4 Ne4 11. Nd2 f5 12. Nf3 O-O-O 13. Ne5 Bxe5 14. fxe5 g5 15. Qa4 a6 16. Bd3 g4 17.
Qc2 h5 18. Bf4 Kb8 19. b4 Rc8 20. Qb3 Na7 21. Rfc1 h4 22. a4 g3 23. h3 Rc7 24.
b5 axb5 25. axb5 b6 26. Ra6 Rb7 27. Qa3 Rc8 28. Bxe4 dxe4 29. Qd6+ Rcc7 30. c4 Nc8 31. Qxd7 Rxd7 32. d5 Re7 33. d6 Rh7 34. c5 bxc5 35.
Rxc5 Nb6 36. Be3 Nd7 37. Rc7 Rxc7 38. dxc7+ Kxc7 39. Rxe6 Rf7 40. b6+ Kb7 41. Kf1 f4 42. Bd4 f3 43. gxf3 exf3 44. Rg6 Re7 45. e6 Nf8 46. Rg7 Rxg7 47. Bxg7 Nxe6 48. Bf6 Nf4 49. Bxh4 g2+ 50. Kf2 Nxh3+ 0-1

[Event "Live Chess"]
[Site "Chess.com"]
[Date "2024.06.02"]
[Round "-"]
[White "Tatarinov_Maxim"]
[Black "Kyrylo7770"]
[Result "1-0"]
[WhiteElo "2311"]
[BlackElo "1644"]
[TimeControl "300"]
[EndTime "3:46:52 PDT"]
[Termination "Tatarinov_Maxim won by resignation"]

1. Nf3 d5 2. g3 Bg4 3. Bg2 e6 4. O-O c5 5. c4 Nc6 6. cxd5 Qxd5 7. Nc3 Qd8 8. Qa4 Rb8 9. Qxg4 Nf6 10. Qa4 Be7 11.
Ne5 O-O 12. Bxc6 bxc6 13. Nxc6 Qc7 14. Nxb8 Rxb8 15. d3 Rb4 16. Qc2 Qe5 17. a3 Rg4 18. b4 Qh5 19. Ne4 Rxe4 20. dxe4 Ng4 21. h4 Bxh4 22. Qxc5 h6 23. Qxh5 Bg5 24. Qxg4 1-0

[Event "Live Chess"]
[Site "Chess.com"]
[Date "2024.06.02"]
[Round "-"]
[White "Nathaniel250"]
[Black "PureDashingOctopus"]
[Result "0-1"]
[WhiteElo "1523"]
[BlackElo "2270"]
[TimeControl "300"]
[EndTime "3:46:56 PDT"]
[Termination "PureDashingOctopus won by checkmate"]

1. c4 c5 2. Nc3 Nc6 3. g3 g6 4. Bg2 Bg7 5. e4 e5 6. Nge2 Nge7 7.
O-O O-O 8. d3 d6 9. h3 Be6 10.
Kh2 Qd7 11. f4 f5 12. a3 Nd4 13. Nxd4 cxd4 14. Ne2 fxe4 15. Bxe4 d5 16. cxd5 Bxh3 17. Qb3 Bxf1 18. d6+ Kh8 19. dxe7 Qxe7 20. Ng1 exf4 21.
Bxb7 fxg3+ 22. Kxg3 Be5+ 23. Kg4 h5# 0-1

[Event "Live Chess"]
[Site "Chess.com"]
[Date "2024.06.02"]
[Round "-"]
[White "Purple1szed"]
[Black "WeakOldFinished"]
[Result "0-1"]
[WhiteElo "2041"]
[BlackElo "2187"]
[TimeControl "300"]
[EndTime "3:47:45 PDT"]
[Termination "WeakOldFinished won by resignation"]

1. e4 Nf6 2. e5 Nd5 3. d4 d6 4. c4 Nb6 5. f4 g5 6. exd6 Qxd6 7.
fxg5 Bg7 8. Nf3 Bg4 9. Be3 Nc6 10. c5 Qe6 11. cxb6 Qxe3+ 12. Qe2 Qxe2+ 13. Bxe2 axb6 14. O-O Nxd4 15. Nxd4 Bxd4+ 0-1

[Event "Live Chess"]
[Site "Chess.com"]
[Date "2024.06.02"]
[Round "-"]
[White "SavagePawn7"]
[Black "raclement"]
[Result "0-1"]
[WhiteElo "678"]
[BlackElo "1734"]
[TimeControl "300"]
[EndTime "3:47:51 PDT"]
[Termination "raclement won by resignation"]

1. e4 c5 2. d4 cxd4 3. c3 d3 4.
Bxd3 g6 5. Nf3 Bg7 6. Be3 Nc6 7. O-O Nf6 8. Bb5 O-O 9. Bxc6 dxc6 10. Qxd8 Rxd8 11. Nbd2 b6 12. Ne5 Bb7 13. f3 c5 14.
Rad1 Nd7 15. Nxd7 Rxd7 16. Nc4 Rad8 17. Nd2 Ba6 18. Rfe1 h6 19. g4 e6 20. h4 Bb7 21.
Nc4 Ba6 22. Rxd7 Rxd7 23. b3 Bxc4 24. bxc4 Kh7 25. f4 Bxc3 26. Rc1 Bd4 27. Bxd4 Rxd4 0-1

[Event "Live Chess"]
[Site "Chess.com"]
[Date "2024.06.02"]
[Round "-"]
[White "KeithArkell"]
[Black "CarmelJane"]
[Result "1-0"]
[WhiteElo "2411"]
[BlackElo "2068"]
[TimeControl "300"]
[EndTime "3:47:59 PDT"]
[Termination "KeithArkell won by checkmate"]

1. d4 Nf6 2. Nf3 g6 3. c4 Bg7 4. g3 c5 5. Nc3 cxd4 6. Nxd4 Nc6 7. Bg2 O-O 8. O-O Nxd4 9. Qxd4 d6 10. Qh4 Rb8 11. Bh6 Nh5 12. Bxg7 Nxg7 13. Nd5 Nf5 14. Qe4 e6 15. Nc3 b6 16. Rfd1 Bb7 17. Qc2 Bxg2 18. Kxg2 Qc7 19. e4 Ng7 20. b3 f5 21. Rd3 fxe4 22. Nxe4 d5 23. Ng5 Qe7 24. Nf3 Rbc8 25.
Re1 Qf6 26. Ne5 Qf5 27. Rd2 dxc4 28. bxc4 Qh5 29. Rd7 Rc5 30. f4 Nf5 31. Qe4 Rfc8 32. Nd3 Rxc4 33. Qxe6+ Kh8 34. Qf6+ Kg8 35. Rd8+ Rxd8 36.
Qxd8+ Kg7 37. Qd7+ Kh6 38. Rf1 Qg4 39. Kg1 Rc2 40.
Nf2 Qf3 41. Qd3 Qxd3 42. Nxd3 Rxa2 43. Re1 Nd4 44. Re7 Nf3+ 45. Kf1 a5 46. g4 Nd2+ 47. Ke1 Nf3+ 48. Kf1 Nxh2+ 49. Ke1 Nxg4 50. Rb7 Ra3 51. Kd2 b5 52. Nc5 Ra2+ 53. Kd3 b4 54. Ne6 Nf2+ 55.
Kc4 b3 56. Ng5 b2 57. Rxh7# 1-0

[Event "Live Chess"]
[Site "Chess.com"]
[Date "2024.06.02"]
[Round "-"]
[White "JohanKjeldahl"]
[Black "Ferrarifan27"]
[Result "0-1"]
[WhiteElo "1794"]
[BlackElo "2151"]
[TimeControl "300"]
[EndTime "3:48:01 PDT"]
[Termination "Ferrarifan27 won by resignation"]

1. c4 Nf6 2. Nc3 e6 3. e4 Nc6 4. d4 Bb4 5. e5 Ne4 6. Qd3 Nxc3 7. bxc3 Be7 8. f4 d6 9. Nf3 dxe5 10.
fxe5 O-O 11. Be2 b6 12. Qe4 Bb7 13. Bd3 g6 14. Bh6 Re8 15. O-O Na5 16. Qe2 c5 17. Rad1 Qc7 18. Be4 Bxe4 19. Qxe4 cxd4 20. Nxd4 Nxc4 21.
Kh1 Qxe5 22. Qf3 f5 23. Nc6 Qf6 24. Nxe7+ Qxe7 25. Rd4 Rac8 26. Qf4 e5 0-1

[Event "Live Chess"]
[Site "Chess.com"]
[Date "2024.06.02"]
[Round "-"]
[White "SimonBoy1"]
[Black "RamsayFlayer"]
[Result "1-0"]
[WhiteElo "1547"]
[BlackElo "1924"]
[TimeControl "300"]
[EndTime "3:48:08 PDT"]
[Termination "SimonBoy1 won by resignation"]

1. e4 e5 2. Nf3 Nc6 3. Bc4 Nf6 4. d3 Bc5 5. O-O d6 6. c3 Bg4 7. Bg5 h6 8. Bh4 g5 9. Bg3 Nh5 10. Nbd2 Nxg3 11. hxg3 Qd7 12. b4 Bb6 13. a4 a6 14. Re1 O-O-O 15. b5 axb5 16. axb5 Na5 17. Nb3 Bxf2+ 18. Kxf2 b6 19. Nxa5 bxa5 20. Rxa5 Qe7 21.
Ra8+ Kd7 22. Nxe5+ Qxe5 23. Qxg4+ Ke7 24. Rxd8 Rxd8 25.
Qf5 1-0

[Event "Live Chess"]
[Site "Chess.com"]
[Date "2024.06.02"]
[Round "-"]
[White "vincents82"]
[Black "ACM42"]
[Result "1/2-1/2"]
[WhiteElo "2012"]
[BlackElo "2169"]
[TimeControl "300"]
[EndTime "3:48:18 PDT"]
[Termination "Game drawn by repetition"]

1. e4 e6 2. d4 d5 3. Nd2 Nf6 4. e5 Nfd7 5. Bd3 c5 6. c3 Nc6 7.
Ne2 f6 8. exf6 Nxf6 9. Nf3 Bd6 10. O-O O-O 11. Bf4 Bxf4 12. Nxf4 Qc7 13. g3 e5 14.
dxe5 Nxe5 15. Nxe5 Qxe5 16. Be2 Qd6 17. Bc4 Rd8 18.
Be2 Bf5 19. Bf3 Rd7 20. Qb3 g5 21. Nxd5 Nxd5 22. Rad1 c4 23. Bxd5+ Qxd5 24. Rxd5 cxb3 25. Rxf5 h6 26. axb3 Rd2 27. Re1 Rf8 28. Rxf8+ Kxf8 29. Ra1 a6 30. Ra2 g4 31. Kg2 Kf7 32. b4 Kf6 33. h3 gxh3+ 34. Kxh3 Rxf2 35. Kg4 Kg6 36. b5 axb5 37. Ra7 Rxb2 38. Rxb7 Rc2 39. Rb6+ Kg7 40. Rxb5 Rxc3 41. Rb7+ Kg6 42. Rb6+ Kg7 43. Rb7+ Kg6 44. Rb6+ Kg7 45. Rb7+ 1/2-1/2

[Event "Live Chess"]
[Site "Chess.com"]
[Date "2024.06.02"]
[Round "-"]
[White "asingardenof"]
[Black "r0ad_t0-gm"]
[Result "0-1"]
[WhiteElo "621"]
[BlackElo "2271"]
[TimeControl "300"]
[EndTime "3:48:50 PDT"]
[Termination "r0ad_t0-gm won by checkmate"]

1. d4 Nf6 2. c4 g6 3. Nc3 Bg7 4. Nf3 d6 5. e3 O-O 6. Bd3 Nbd7 7. O-O e5 8. d5 Re8 9. e4 Nc5 10. Bg5 a5 11. Nb5 h6 12. Bh4 g5 13. Bg3 Nh5 14.
b3 Nf4 15. Bxf4 exf4 16. Nd2 Bxa1 17. Qxa1 Nxd3 18. Nd4 Ne5 19. N2f3 Nxf3+ 20. Nxf3 f5 21. Re1 fxe4 22. Nd2 Bf5 23. f3 e3 24. Nb1 Qe7 25.
g4 Bg6 26. Nc3 Qe5 27. Qc1 Kh7 28. Nb5 c6 29. Nc7 cxd5 30. Nxe8 Rxe8 31. Rd1 d4 32.
c5 dxc5 33. Qc4 b6 34. Qb5 Re7 35. Qxb6 e2 36. Re1 d3 37. Qd8 Qe3+ 38. Kg2 d2 39.
Kh3 dxe1=Q 40. Qxe7+ Qxe7 41. b4 Qh4+ 42. Kg2 e1=N+ 43.
Kf1 Nd3 44. b5 Qf2# 0-1

[Event "Live Chess"]
[Site "Chess.com"]
[Date "2024.06.02"]
[Round "-"]
[White "Bradfield133"]
[Black "NeilDruggan73"]
[Result "1-0"]
[WhiteElo "1860"]
[BlackElo "1692"]
[TimeControl "300"]
[EndTime "3:48:57 PDT"]
[Termination "Bradfield133 won by resignation"]

1. c4 Nf6 2. g3 g6 3. Bg2 Bg7 4. Nc3 O-O 5. e4 d6 6. Nge2 e5 7. O-O Nh5 8. h3 Nc6 9. f4 exf4 10. Nxf4 Nxg3 11. Rf3 Bd4+ 12. Kh2 Be5 13. d3 Qh4 14.
Rxg3 Bxf4 15. Bxf4 Qxf4 16. Nd5 Qe5 17. Qd2 Be6 18.
Nxc7 Rac8 19. Nd5 Bxd5 20. exd5 Ne7 21. Re1 Qf5 22. Rxe7 1-0

[Event "Live Chess"]
[Site "Chess.com"]
[Date "2024.06.02"]
[Round "-"]
[White "stevochess11"]
[Black "Isambard_Thomas"]
[Result "0-1"]
[WhiteElo "1713"]
[BlackElo "2181"]
[TimeControl "300"]
[EndTime "3:49:08 PDT"]
[Termination "Isambard_Thomas won by checkmate"]

1. d4 Nf6 2. Nf3 d5 3. e3 c6 4. c4 Bg4 5. cxd5 Nxd5 6. Nc3 e6 7. Qb3 Nb6 8. Ne5 Bh5 9. g4 Bg6 10. Nxg6 hxg6 11. Bd3 Bd6 12. Ne4 Be7 13. Bd2 N8d7 14. Bb4 Nf6 15. Bxe7 Qxe7 16. Nxf6+ Qxf6 17. O-O-O Qf3 18. Bxg6 fxg6 19. Qxe6+ Kf8 20. Qd6+ Kg8 21. Qe6+ Kh7 22.
h4 Rhe8 23. Qb3 Qxf2 24. Rde1 Nd5 25. h5 Rxe3 26. hxg6+ Kxg6 27. Qxb7 Rxe1+ 28. Rxe1 Qxe1+ 29. Kc2 Qe2+ 30. Kc1 Qc4+ 31. Kd2 Re8 32. Qd7 Re2+ 33. Kd1 Qc2# 0-1

[Event "Live Chess"]
[Site "Chess.com"]
[Date "2024.06.02"]
[Round "-"]
[White "yarek"]
[Black "halfberg"]
[Result "0-1"]
[WhiteElo "1754"]
[BlackElo "1907"]
[TimeControl "300"]
[EndTime "3:49:22 PDT"]
[Termination "halfberg won by resignation"]

1. e4 c5 2. d4 cxd4 3. c3 Nf6 4. e5 Nd5 5. cxd4 Nc6 6. Nc3 e6 7. Nxd5 exd5 8. Nf3 d6 9. Bf4 dxe5 10. Nxe5 Bb4+ 11. Bd2 O-O 12. Bxb4 Nxb4 13. Be2 Bf5 14. O-O Rc8 15. a3 Nc6 16. f4 Qb6 17. Nxc6 Rxc6 18. b4 Rfc8 19. Rf2 Be4 20. f5 Qd8 21. Bd3 Qe7 22. Re2 Rc3 23. Bxe4 dxe4 24. Qe1 e3 25. d5 Qe5 26.
Rd1 Rd8 27. d6 Rxa3 28. d7 f6 29. Red2 Kf7 30. Rc2 Ke7 31. Rc8 Rxd7 32. Rxd7+ Kxd7 33. Qc1 e2 0-1

[Event "Live Chess"]
[Site "Chess.com"]
[Date "2024.06.02"]
[Round "-"]
[White "missedJariChance"]
[Black "ZatixMajor"]
[Result "0-1"]
[WhiteElo "1353"]
[BlackElo "2032"]
[TimeControl "300"]
[EndTime "3:49:40 PDT"]
[Termination "ZatixMajor won by resignation"]

1. b3 c5 2. Bb2 Nc6 3. Nf3 Nf6 4. e3 g6 5. Be2 Bg7 6. O-O O-O 7. d3 d5 8. c4 d4 9. exd4 Nh5 10. Qc2 Nb4 11. Qd2 Bf5 12. Rd1 Qc7 13. dxc5 Bxb2 14. Qxb2 Nf4 15. Bf1 Rfd8 16. d4 Nc2 17. Nc3 Nxa1 18. Qxa1 Qc6 19. Ne5 Qe6 20. Re1 Qf6 21. d5 Qg5 22.
Nf3 Nh3+ 23. Kh1 Nxf2+ 24. Kg1 Nh3+ 25. Kh1 Qg4 26. Qd1 Nf2+ 0-1

[Event "Live Chess"]
[Site "Chess.com"]
[Date "2024.06.02"]
[Round "-"]
[White "willc-h99"]
[Black "Bodhanas"]
[Result "0-1"]
[WhiteElo "2597"]
[BlackElo "2339"]
[TimeControl "300"]
[EndTime "3:49:47 PDT"]
[Termination "Bodhanas won by resignation"]

1. d4 d5 2. Nf3 Nf6 3. e3 e6 4.
Bd3 Be7 5. O-O O-O 6. b3 h6 7. Bb2 b6 8. Nbd2 c5 9. Qe2 Nc6 10. a3 Bb7 11. Ne5 Nxe5 12. dxe5 Ne4 13. Nxe4 dxe4 14.
Bc4 a6 15. a4 Qc7 16. Rad1 Rfd8 17. h3 a5 18. Bb5 Rxd1 19. Rxd1 Rd8 20. Rd2 Rxd2 21. Qxd2 Qd8 22. Qxd8+ Bxd8 23. g4 Kf8 24. Kg2 f5 25. gxf5 exf5 26. Bc4 Ke7 27. h4 g5 28.
h5 Bc6 29. e6 Be8 30. Bg7 Bxh5 31. Bxh6 Kf6 32. Bf8 Be7 33. Bxe7+ Kxe7 34. Kg3 Be8 35. f3 Bc6 36. fxe4 Bxe4 37. c3 Bb7 38. Bd3 Kxe6 39. Kf2 Ke5 40. Be2 Be4 41. Bd1 f4 42. exf4+ Kxf4 43. Be2 g4 44. Bc4 g3+ 45. Ke2 Bf3+ 46. Kf1 Ke3 47. Be6 Kd2 48. c4 Kc3 49. Bd7 Kxb3 50.
Bb5 Be4 51. Kg1 Bd3 52. Kg2 Bxc4 53. Bc6 Kb4 54. Kxg3 Bb3 55. Kf2 Bxa4 56. Be4 Kc3 57. Ke1 Bc2 0-1

[Event "Live Chess"]
[Site "Chess.com"]
[Date "2024.06.02"]
[Round "-"]
[White "slava_ukr"]
[Black "Dhaydon19"]
[Result "0-1"]
[WhiteElo "2415"]
[BlackElo "2638"]
[TimeControl "300"]
[EndTime "3:49:49 PDT"]
[Termination "Dhaydon19 won by resignation"]

1. e4 c6 2. d4 d5 3. e5 c5 4. dxc5 Nc6 5. Bf4 e6 6. Nf3 Bxc5 7. Bd3 Nge7 8. c3 Ng6 9. Bg3 Qc7 10.
Qe2 a6 11. h4 h6 12. h5 Nge7 13. Nbd2 Ba7 14. Nb3 Bd7 15. Nbd4 Nxd4 16. Nxd4 Nc6 17. Nxc6 Bxc6 18. Qg4 O-O-O 19. Qxg7 d4 20. c4 Bxg2 21. Rg1 Bc6 22. Bh4 Rde8 23. Bf6 Qb6 24. O-O-O Bf3 25.
Rde1 Bxh5 26. Qg3 Qc7 27. Bxh8 Rxh8 28. Qg7 Rd8 29. Qxh6 Bf3 30. Qf4 Bc6 31. Rg7 Qa5 32. Qd2 Qc7 33. Reg1 Bc5 34. f4 a5 35. f5 Qxe5 36.
Rxf7 exf5 37. Rxf5 Qe7 38. Re1 Qd6 39. Qf4 Qxf4+ 40. Rxf4 Bf8 41. b3 Bh6 42. Rf1 Rf8 0-1

[Event "Live Chess"]
[Site "Chess.com"]
[Date "2024.06.02"]
[Round "-"]
[White "GwaryTek"]
[Black "NottheBishopSacrifice"]
[Result "0-1"]
[WhiteElo "1828"]
[BlackElo "2323"]
[TimeControl "300"]
[EndTime "3:49:57 PDT"]
[Termination "NottheBishopSacrifice won on time"]

1. d4 c6 2. c4 d5 3. Nf3 Nf6 4. Nc3 dxc4 5. a4 Bf5 6. g3 e6 7.
Ne5 Bb4 8. Nxc4 a5 9. Bg2 Nbd7 10. O-O O-O 11. Bf4 Nd5 12. Bd2 Bg6 13. e4 N5f6 14.
Re1 Re8 15. Bg5 h6 16. Bf4 Nb6 17. Ne5 Bh7 18. Qd2 Nfd7 19. Nf3 Nc4 20. Qc1 Nd6 21.
Bxh6 gxh6 22. Qxh6 Qe7 23. e5 Nf5 24. Qf4 Qf8 25.
g4 Ne7 26. Re3 Nd5 27. Nxd5 cxd5 28. Ng5 Qg7 29. Rh3 Bg6 30. Rf1 Be7 31. Nf3 Rac8 32. g5 Nf8 0-1

[Event "Live Chess"]
[Site "Chess.com"]
[Date "2024.06.02"]
[Round "-"]
[White "Crowded_House"]
[Black "Grace6363"]
[Result "1-0"]
[WhiteElo "1651"]
[BlackElo "1144"]
[TimeControl "300"]
[EndTime "3:50:01 PDT"]
[Termination "Crowded_House won on time"]

1. d4 Nf6 2. Bg5 e6 3. e3 Be7 4. Bd3 O-O 5. Nf3 h6 6. Bh4 Nc6 7. c3 d6 8. O-O b6 9. Qc2 g5 10. Bg3 e5 11. dxe5 dxe5 12. Nxe5 Qd5 13. Nxc6 Qxc6 14.
Nd2 Bb7 15. e4 Rad8 16. f3 Bc5+ 17. Bf2 g4 18. Bxc5 Qxc5+ 19. Kh1 gxf3 20. gxf3 Kh8 21. Rae1 Rg8 22. Nb3 Qg5 23. Rg1 Qf4 24. Qe2 Rxg1+ 25.
Rxg1 c5 26. Rg3 h5 27. Ba6 Bc6 28. Bd3 h4 29. Rg2 h3 30. Rg3 Bd7 31. Qd2 Qxd2 32.
Nxd2 Be6 33. Bc4 Bxc4 34. Nxc4 Rd1+ 35. Rg1 Rxg1+ 36. Kxg1 Nd7 37. Nd6 Ne5 38. Nc8 Kg7 39. Nxa7 Nd3 40. Nc8 Ne1 41. Kf2 Nd3+ 42. Ke3 Nxb2 43.
Nxb6 1-0

[Event "Live Chess"]
[Site "Chess.com"]
[Date "2024.06.02"]
[Round "-"]
[White "dereklimmo"]
[Black "TC2304"]
[Result "0-1"]
[WhiteElo "2257"]
[BlackElo "2336"]
[TimeControl "300"]
[EndTime "3:50:10 PDT"]
[Termination "TC2304 won - game abandoned"]

1. e4 Nc6 2. d4 e5 3. d5 Nce7 4.
c4 Ng6 5. Nc3 Bb4 6. Bd3 Nf6 7.
Ne2 O-O 8. Bd2 d6 9. a3 Bc5 10. b4 Bb6 11. Na4 c6 12. Nxb6 axb6 13. Qb3 Nh5 14. g3 f5 15. O-O-O fxe4 16. Bxe4 Rxf2 17. Qd3 Nf6 18. Bxg6 hxg6 19. Bg5 Bf5 20. Qe3 Rxe2 21. Qxe2 Rxa3 22. Kb2 Ra4 23. Qd2 c5 24. Bxf6 gxf6 25.
Kb3 Rxb4+ 26. Kc3 b5 27. cxb5 Qa5 28. Ra1 Ra4+ 0-1

[Event "Live Chess"]
[Site "Chess.com"]
[Date "2024.06.02"]
[Round "-"]
[White "upoe610"]
[Black "Trendle"]
[Result "1-0"]
[WhiteElo "2132"]
[BlackElo "2620"]
[TimeControl "300"]
[EndTime "3:50:34 PDT"]
[Termination "upoe610 won by resignation"]

1. c4 f5 2. g3 Nf6 3. Bg2 d6 4.
Nc3 g6 5. b4 Bg7 6. Bb2 O-O 7. Nf3 e5 8. d3 Nc6 9. a3 Kh8 10. O-O Be6 11. e3 Bg8 12. b5 Ne7 13. Nd2 g5 14. a4 Rb8 15. a5 f4 16. exf4 gxf4 17. Nce4 Nf5 18. Nxf6 Qxf6 19. Ne4 Qg6 20. Kh1 Qh6 21. Qg4 Be6 22. Qg5 Rbd8 23. gxf4 exf4 24.
Qxh6 Nxh6 25. Bxg7+ Kxg7 26. Ng5 Bf5 27. Bxb7 Bxd3 28.
Ne6+ Kf6 29. Nxd8 Bxf1 30. Rxf1 Rxd8 31. Re1 Ng4 32. Kg2 Ne5 33. Bd5 Rd7 34. Re4 Kf5 35.
Kf1 Rg7 36. Rd4 h5 37. Be4+ Kf6 38. Bd5 Rg4 39. h3 Rh4 40. Bg2 Nf7 41. f3 Ng5 42.
Kf2 Ke5 43. Rd5+ Kf6 44. Rd4 Ne6 45. Rd1 Ng7 46. b6 axb6 47. a6 1-0

[Event "Live Chess"]
[Site "Chess.com"]
[Date "2024.06.02"]
[Round "-"]
[White "JanMur7"]
[Black "dmitro74"]
[Result "1-0"]
[WhiteElo "2299"]
[BlackElo "1729"]
[TimeControl "300"]
[EndTime "3:50:47 PDT"]
[Termination "JanMur7 won by checkmate"]

1. c4 e5 2. Nc3 f5 3. d4 Nf6 4. dxe5 Ne4 5. Nxe4 fxe4 6. e6 d6 7. Qd5 c6 8. Qxe4 Be7 9. e3 O-O 10. Bd3 g6 11. h4 Rf5 12. h5 Re5 13. Qg4 Rg5 14. Qd4 Bf6 15. Qf4 Bxe6 16. hxg6 h5 17. Nf3 Rg4 18. Qh2 h4 19. g3 Kg7 20. Nxh4 Nd7 21. Nf5+ Kxg6 22. Qh7+ Kg5 23. Qh6# 1-0